 Dungeon Crawl Stone Soup version 0.14-a0-2071-g7172c92 (webtiles) character file.

230 Jenx the Stinger (level 5, 0/31 HPs)
             Began as a Formicid Venom Mage on Jan 23, 2014.
             Slain by a gnoll
             ... wielding a +0,+0 halberd
              (8 damage)
             ... on Level 2 of the Dungeon.
             The game lasted 00:08:38 (2136 turns).

Jenx the Stinger (Formicid Venom Mage)              Turns: 2136, Time: 00:08:38

HP   0/31        AC  7     Str 13      XL: 5   Next: 72%
MP   4/9         EV 11     Int 15      God:
Gold 93          SH  0     Dex 11      Spells:  3 memorised,  2 levels left

rFire  . . .     SeeInvis +     a - +0 giant spiked club
rCold  . . .     Clarity  .     h - +0 leather armour
rNeg   . . .     Conserve .     (no shield)
rPois  .         rCorr    .     (helmet unavailable)
rElec  .         rRot     .     p - +2 cloak {rPois}
SustAb . .       Spirit   .     (no gloves)
rMut   .         Warding  .     (no boots)
Saprov . . .     Stasis   +     (no amulet)
MR     .....                    (no ring)
                                (no ring)

@: not resistant to hostile enchantments, unstealthy
A: permanent stasis, dig shafts and tunnels, four strong arms, poison weakness,
antennae 3, exoskeleton 1
a: Dig, Shaft Self


You were on level 2 of the Dungeon.
You were hungry.

You visited 1 branch of the dungeon, and saw 2 of its levels.

You collected 93 gold pieces.

Inventory:

Hand weapons
 a - a +0,+0 giant spiked club (weapon)
 f - a +3,+2 quarterstaff of chaos
Missiles
 t - 5 curare-tipped needles
Armour
 h - a +0 leather armour (worn)
 p - a +2 cloak of poison resistance (worn)
Comestibles
 c - 2 bread rations
 g - a choko
 m - 2 meat rations
Scrolls
 e - 2 scrolls of magic mapping {unknown}
 j - a scroll of amnesia {unknown}
 k - a scroll of curse weapon {unknown}
 l - 2 scrolls of remove curse {unknown}
 n - a scroll of identify {unknown}
 o - a scroll of noise {unknown}
 q - a scroll of blinking {unknown}
 w - a scroll of curse armour {unknown}
 y - a scroll of fear {unknown}
Jewellery
 d - an uncursed amulet of inaccuracy {unknown}
Books
 b - a Young Poisoner's Handbook

   Spells                             Type                      Level
   *Sting                             Conjuration/Poison           1
   *Cure Poison                       Poison                       2
   *Mephitic Cloud                    Conjuration/Poison/Air       3
   Olgreb's Toxic Radiance            Poison                       4
   Venom Bolt                         Conjuration/Poison           5


   Skills:
 + Level 1.8 Maces & Flails
 - Level 1.7 Dodging
 - Level 2.4 Stealth
 - Level 2.1 Spellcasting
 - Level 3.1 Conjurations
 - Level 6.1 Poison Magic


You had 2 spell levels left.
You knew the following spells:

 Your Spells              Type           Power        Failure   Level  Hunger
a - Sting                 Conj/Pois      ###.         3%          1    #......
b - Cure Poison           Pois           ###.......   2%          2    ###....
c - Mephitic Cloud        Conj/Pois/Air  ##......     21%         3    ####...


Dungeon Overview and Level Annotations

Branches:
Dungeon (2/16)

Altars:


Innate Abilities, Weirdness & Mutations

Your are under a permanent stasis effect.
You can dig through walls and to a lower floor.
Your four strong arms can wield any weapon, most with a shield.
You are susceptible to poison.
You have a pair of large antennae on your head (SInv).
Your body is surrounded by an exoskeleton. (AC +1)


Message History

Aim: a gnoll, wielding a halberd The sting hits the gnoll.
The gnoll barely misses you.
Casting: Sting
Confirm with . or Enter, or press ? or * to list all spells.
Aiming: Sting
Press: ? - help, Shift-Dir - straight line, f/p - gnoll
Aim: a gnoll, wielding a halberd The sting misses the gnoll.
The gnoll closely misses you.
Casting: Sting
Confirm with . or Enter, or press ? or * to list all spells.
Aiming: Sting
Press: ? - help, Shift-Dir - straight line, f/p - gnoll
Aim: a gnoll, wielding a halberd The sting hits the gnoll.
The gnoll is heavily wounded.
The gnoll barely misses you.
You barely miss the gnoll.
The gnoll is heavily wounded.
The gnoll hits you with a halberd!
You die...

#<# #........ #.#
#...##... #.# ##.......
#)# #..####. #.#
#..##### #.# #####......
#.######.###..###.
#g##..............
#@...###..##..###.
####.# #..g.......
#.###..##..####
#.....###.>.... ##..#.#
#..#### #..#.# #..####
###########..#.###......
#................#. ###
#.#########.####.#.#####


You could see a gnoll.

Vanquished Creatures
  Crazy Yiuf (D:2)
  Terence (D:2)
  A gnoll (D:2)
  5 adders (D:2)
  A worm (D:2)
  2 giant geckos
  An ooze (D:2)
  3 bats
  2 goblins (D:1)
  3 hobgoblins (D:1)
  3 jackals (D:1)
  2 quokkas (D:2)
  2 giant newts (D:1)
  3 kobolds
  7 rats
37 creatures vanquished.

Notes
Turn   | Place    | Note
--------------------------------------------------------------
     0 | D:1      | Jenx, the Formicid Venom Mage, began the quest for the Orb.
     0 | D:1      | Reached XP level 1. HP: 11/11 MP: 3/3
   249 | D:1      | Reached XP level 2. HP: 13/17 MP: 2/4
   270 | D:1      | Learned a level 2 spell: Cure Poison
   536 | D:1      | Reached skill level 6 in Poison Magic
   915 | D:1      | Reached XP level 3. HP: 21/21 MP: 4/6
   935 | D:1      | Learned a level 3 spell: Mephitic Cloud
  1215 | D:2      | Reached skill level 1 in Conjurations
  1321 | D:2      | Noticed Terence
  1353 | D:2      | Killed Terence
  1353 | D:2      | Reached XP level 4. HP: 27/27 MP: 2/7
  1646 | D:2      | Reached XP level 5. HP: 31/31 MP: 6/9
  2007 | D:2      | Noticed Crazy Yiuf
  2018 | D:2      | Killed Crazy Yiuf
  2018 | D:2      | Reached skill level 1 in Maces & Flails
  2136 | D:2      | Slain by a gnoll

Action                   |  1- 3 |  4- 6 || total
-------------------------+-------+-------++-------
Melee: Dagger            |    30 |       ||    30
       Flail             |       |    29 ||    29
       Giant spiked club |       |    25 ||    25
 Cast: Sting             |    47 |    25 ||    72
       Mephitic Cloud    |       |     3 ||     3
  Use: Potion            |     2 |       ||     2
